 Dungeon Crawl Stone Soup version 0.29-a0-844-ge8845773e3 (webtiles) character file.

Game seed: 16480500151567481240

18 Ijustatesigmund the Stinger (level 2, -3/17 HPs)
             Began as an Octopode Venom Mage on July 15, 2022.
             Slain by a phantom (8 damage)
             ... on level 2 of the Dungeon.
             The game lasted 00:01:34 (715 turns).

Ijustatesigmund the Stinger (Octopode Venom Mage)    Turns: 715, Time: 00:01:35

Health: -3/17      AC:  1    Str:  7    XL:     2   Next: 70%
Magic:  5/5        EV: 13    Int: 17    God:
Gold:   71         SH:  0    Dex: 12    Spells: 2/5 levels left

rFire   . . .      SeeInvis .   c - +2 hand axe (flame)
rCold   . . .      Faith    .   (no shield)
rNeg    . . .      Spirit   .   (helmet restricted)
rPois   .          Reflect  .   (no amulet)
rElec   .          Harm     .   (no ring)
rCorr   .          Rampage  .   (no ring)
Will    .....                   (no ring)
Stlth   +++.......              (no ring)
HPRegen 0.05/turn               (no ring)
MPRegen 0.09/turn               (no ring)
                                (no ring)
                                (no ring)

@: mighty, hasted, very quick
A: almost no armour, amphibious, 8 rings, camouflage 1, gelatinous body 1,
(nimble swimmer 1), tentacles
a: no special abilities


You were on level 2 of the Dungeon.
You visited 1 branch of the dungeon, and saw 2 of its levels.

You collected 71 gold pieces.

Inventory:

Hand Weapons
 c - a +2 hand axe of flaming (weapon)
Scrolls
 f - a scroll of summoning {unknown}
 g - a scroll of poison {unknown}
Potions
 a - a potion of magic
 b - a potion of curing {unknown}


   Skills:
 + Level 0.3 Fighting
 + Level 0.4 Axes
 - Level 2.0 Dodging
 - Level 2.6 Stealth
 + Level 2.1 Spellcasting
 + Level 1.4 Transmutations
 + Level 0.3 Air Magic
 + Level 4.0 Poison Magic


You had 2 spell levels left.
You knew the following spells:

 Your Spells              Type           Power      Damage    Failure   Level
a - Sting                 Tmut/Pois      44%        1d5       6%          1
b - Poisonous Vapours     Pois/Air       18%        N/A       12%         2

Your spell library contained the following spells:

 Spells                   Type           Power      Damage    Failure   Level
 Mephitic Cloud           Conj/Pois/Air  6%         N/A       32%         3
 Olgreb's Toxic Radiance  Pois           15%        N/A       36%         4


Dungeon Overview and Level Annotations

Branches:
Dungeon (2/15)

Altars:


Innate Abilities, Weirdness & Mutations

You cannot wear most types of armour.
You are amphibious.
You can wear up to eight rings at the same time.
Your skin changes colour to match your surroundings (Stealth+).
Your rubbery body absorbs attacks. (AC +1, EV +1)
((You are camouflaged when in or above water. (Stealth+)))
You have tentacles for arms and can constrict up to eight enemies at once.


Message History

Where to? (? - help)
There is a faded altar of an unknown god here.
You see here a -1 hand axe.
There is a stone staircase leading down here.
You climb downwards.
Found a grey potion, a bubbling coppery potion and a spear.
There is a stone staircase leading up here.
There are monsters nearby!
You completely miss the phantom. The phantom hits you.
You barely miss the phantom. You squeeze the phantom.
The phantom is lightly damaged.
The phantom hits you.
The phantom blinks!
You blink.
You hit the phantom. You burn the phantom.
The phantom is moderately damaged.
The phantom closely misses you.
You completely miss the phantom. You squeeze the phantom.
The phantom is moderately damaged.
The phantom closely misses you. x2
You closely miss the phantom. You squeeze the phantom.
The phantom is heavily damaged.
The phantom barely misses you.
You miss the phantom.
The phantom is heavily damaged.
The phantom hits you.
* * * LOW HITPOINT WARNING * * *
The phantom blinks!
You blink. 2 hobgoblins come into view.
Found a scroll labelled HEHEYDGH BULIG.
It was a potion of might.
You feel very mighty all of a sudden. The phantom misses you.
You miss the phantom.
The phantom is heavily damaged.
The phantom closely misses you. The phantom hits you.
* * * LOW HITPOINT WARNING * * *
The phantom blinks!
You blink.
An adder comes into view.
Found a coppery potion.
It was a potion of haste.
You feel yourself speed up. The phantom hits you!
You die...

.# .. ######
.########..
#.....#.#...........
#.!S....#...........
#.......#..........
#.......#....!...#
#....g..#<.......#
#.....@W##..!....#
#.....#......§...#
##########..§)...#
#.......#
...g.....S#
.......##.....#
.......# .....#
...##### .....# .?.
....#


You could see a phantom, an adder (asleep) and a hobgoblin (asleep).

Vanquished Creatures
  A bat (D:1)
  A giant cockroach (D:1)
  4 hobgoblins (D:1)
  A ball python (D:1)
  2 frilled lizards (D:1)
  5 goblins (D:1)
  A kobold (D:1)
  2 rats (D:1)
17 creatures vanquished.

Vanquished Creatures (others)
  A plant (D:1)
1 creature vanquished.

Grand Total: 18 creatures vanquished

Notes
Turn   | Place    | Note
-------+----------+-------------------------------------------
     0 | D:1      | Ijustatesigmund the Octopode Venom Mage began the quest for
                  | the Orb.
     0 | D:1      | Reached XP level 1. HP: 11/11 MP: 3/3
   313 | D:1      | Reached XP level 2. HP: 17/17 MP: 5/5
   316 | D:1      | Learned a level 2 spell: Poisonous Vapours
   389 | D:1      | Found a faded altar of an unknown god.
   435 | D:1      | Reached skill level 4 in Poison Magic
   705 | D:2      | Noticed a phantom
   715 | D:2      | Slain by a phantom

Illustrated notes

Levels and vault maps discovered:
D:1:      dpeg_arrival_castle, layout_basic, ebering_ecumenical_altar_rust,
          serial_bayou_lake_a
D:2:      minmay_door_path, layout_basic, uniq_terence

Skill      XL: |  1  2 |
---------------+-------+-----
Poison Magic   | 4 |  4.0
Fighting       | |  0.3
Axes           | |  0.4
Dodging        | |  2.0
Stealth        | |  2.6
Spellcasting   | |  2.1
Transmutations | |  1.4
Air Magic      | |  0.3

Action                   || total
-------------------------++-------
Melee: Unarmed           ||    14
       Constrict         ||     7
       Tentacles         ||     9
       Hand axe          ||    22
  Use: Potion            ||     2
 Stab: Sleeping          ||    10
Armor: Skin              ||     1
Dodge: Dodged            ||    18

Table legend: (Time is in decaauts)
 A = Elapsed time spent in this place.
 B = Non-inter-level travel time spent in this place.
 C = Inter-level travel time spent in this place.
 D = Time resting spent in this place.
 E = Time spent auto-exploring this place.
 F = Levels seen in this place.
 G = Mean time per level.
                   A        B        C        D        E       F      G
               +--------+--------+--------+--------+--------+-----+--------+
         Total |    720 |    701 |     19 |      0 |    573 |   2 |  360.0 |
       Dungeon |    720 |    701 |     19 |      0 |    573 |   2 |  360.0 |
               +--------+--------+--------+--------+--------+-----+--------+

Top non-repeatable levels by time:
     D:1: 708 daAuts
     D:2: 11 daAuts
